 Dungeon Crawl Stone Soup version 0.30.0-30-g96aa6591b8 (webtiles) character file.

Game seed: 16212895502577224814

33393 LustLizard the Zephyrmancer (level 13, -1/76 HPs)
             Began as a Deep Elf Air Elementalist on June 28, 2023.
             Was an Elder of Vehumet.
             Slain by a yak (4 damage)
             ... while petrified by a basilisk
             ... on level 4 of the Lair of Beasts.
             The game lasted 00:43:09 (25463 turns).

LustLizard the Zephyrmancer (DEAE)                 Turns: 25463, Time: 00:43:09

Health: -1/76      AC:  9    Str:  9    XL:     13   Next: 36%
Magic:  31/31      EV:  2    Int: 24    God:    Vehumet [****..]
Gold:   993        SH:  0    Dex: 21    Spells: 8/36 levels left

rFire   . . .        z - +3 quarterstaff (spect)
rCold   . . .        (shield currently unavailable)
rNeg    + + +        t - +0 leather armour of the Lost Path {Contam rPois rN+ Will+ Int+2}
rPois   ∞            d - +1 helmet
rElec   .            I - +0 cloak
rCorr   .            (no gloves)
SInv    .            j - +1 pair of boots
Will    ++...        B - amulet of the acrobat
Stlth   +++          C - +6 ring of dexterity
HPRegen 0.32/turn    c - ring of wizardry
MPRegen 0.22/turn

%: acrobat, wizardry (x1)
@: petrified
A: no striking features
a: Renounce Religion


You were on level 4 of the Lair of Beasts.
You worshipped Vehumet.
Vehumet was greatly pleased with you.
You visited 4 branches of the dungeon, and saw 18 of its levels.
You also visited: Ossuary and Bailey.

You collected 1546 gold pieces.
You spent 553 gold pieces at shops.

Inventory:

Hand Weapons
 z - a +3 spectral quarterstaff (weapon)
Missiles
 G - a throwing net
Armour
 d - a +1 helmet (worn)
 j - a +1 pair of boots (worn)
 t - the +0 leather armour of the Lost Path (worn) {Contam rPois rN+ Will+ Int+2}
   (You found it on level 3 of the Dungeon)

   Int:       It affects your intelligence (+2).
   rPois:     It protects you from poison.
   rN:        It protects you from negative energy.
   Contam:    It causes magical contamination when unequipped.
   Will:      It increases your willpower.
 v - a +0 buckler
 I - a +0 cloak (worn)
Jewellery
 c - a ring of wizardry (right hand)
 m - an amulet of reflection
 u - a ring of resist corrosion
 B - an amulet of the acrobat (around neck)
 C - a +6 ring of dexterity (left hand)
 H - a +4 ring of protection
 J - a +6 ring of dexterity
 N - a +6 ring of strength
Wands
 x - a wand of mindburst (14)
 A - a wand of roots (16)
 D - a wand of flame (17)
 E - a wand of paralysis (1)
 M - a wand of digging (16)
Scrolls
 a - a scroll of acquirement {unknown}
 f - 2 scrolls of blinking {unknown}
 g - 2 scrolls of amnesia {unknown}
 h - 3 scrolls of fog
 i - 11 scrolls of teleportation
 o - 3 scrolls of fear
 r - 2 scrolls of silence
 y - 2 scrolls of poison
 F - 2 scrolls of vulnerability {unknown}
 K - 3 scrolls of identify
 L - a scroll of summoning {unknown}
Potions
 b - 7 potions of magic
 k - 7 potions of lignification
 l - 4 potions of might
 n - 4 potions of mutation
 p - 8 potions of curing
 q - 6 potions of brilliance
 s - 7 potions of flight
 w - 4 potions of haste
Miscellaneous
 e - a phantom mirror


   Skills:
 + Level 7.4 Fighting
 - Level 5.0 Armour
 + Level 9.2 Dodging
 - Level 6.0 Stealth
 + Level 12.0 Spellcasting
 - Level 7.0 Conjurations
 * Level 9.1 Fire Magic
 * Level 13.1 Air Magic
 + Level 2.2 Evocations


You had 8 spell levels left.
You knew the following spells:

 Your Spells              Type           Power      Damage    Failure   Level
a - Shock                 Conj/Air       100%       1d9       1%          1
b - Static Discharge      Conj/Air       100%       2-7/arc   1%          2
c - Swiftness             Air            67%        N/A       1%          3
d - Airstrike             Air            33%        2d(5-21)  1%          4
e - Arcjolt               Conj/Air       29%        1d39      1%          5
f - Scorch                Fire           100%       2d9       1%          2
g - Poisonous Vapours     Pois/Air       90%        N/A       1%          2
h - Plasma Beam           Fire/Air       30%        2x1d47    1%          6
i - Mephitic Cloud        Conj/Pois/Air  46%        N/A       1%          3

Your spell library contained the following spells:

 Spells                   Type           Power      Damage    Failure   Level
 Inner Flame              Hex/Fire       36%        N/A       1%          3
 Stone Arrow              Conj/Erth      62%        3d10      1%          3
 Vhi's Electric Charge    Tloc/Air       90%        N/A       1%          3
 Apportation              Tloc           28%        N/A       2%          1
 Ensorcelled Hibernation  Hex/Ice        28%        N/A       3%          2
 Passwall                 Tmut/Erth      11%        N/A       3%          2
 Sublimation of Blood     Necr           14%        N/A       3%          2
 Irradiate                Conj/Tmut      15%        3d16      4%          5
 Silence                  Hex/Air        22%        N/A       4%          5
 Ozocubu's Armour         Ice            14%        N/A       7%          3
 Spider Form              Tmut/Pois      14%        N/A       7%          3
 Yara's Violent Unravell  Hex/Tmut       7%         3d5       16%         5
 Maxwell's Capacitive Co  Air            33%        ∞         17%         8
 Anguish                  Hex/Necr       7%         N/A       22%         4
 Animate Armour           Summ/Erth      28%        N/A       22%         4
 Passage of Golubria      Tloc           14%        N/A       22%         4
 Petrify                  Tmut/Erth      14%        N/A       22%         4
 Alistair's Intoxication  Tmut/Pois      9%         N/A       50%         5
 Metabolic Englaciation   Hex/Ice        7%         N/A       50%         5
 Simulacrum               Ice/Necr       7%         N/A       96%         6
 Lehudib's Crystal Spear  Conj/Erth      15%        10d5      99%         8
 Enfeeble                 Hex            7%         N/A       100%        7


Dungeon Overview and Level Annotations

Branches:
Dungeon (12/15)            Temple (1/1) D:6            Lair (4/5) D:8
 Shoals (0/4) Lair:3       Spider (0/4) Lair:2          Orc (1/2) D:10
Ossuary (visited)          Bailey (visited)
  Slime: Lair:4-5

Altars:
Ashenzari
Cheibriados
Dithmenos
Elyvilon
Fedhas
Gozag
Hepliaklqana
Kikubaaqudgha
Makhleb
Nemelex Xobeh
Okawaru
Qazlal
Ru
Sif Muna
Trog
Uskayaw
Vehumet
Wu Jian
Xom
Yredelemnul
Zin
The Shining One

Shops:
D:2 :?*   D:10 **

Annotations:
D:4 2 transporters, Aerthanath's ghost, novice HOFi
D:6 2 transporters, crux's ghost, novice OpTm
D:10 2 runed translucent doors
D:12 Erolcha


Message History

Vehumet accepts your kill.
You feel your power returning.
There is a stone staircase leading down here.
You start resting.
Magic restored.
You start resting.
HP restored.
You climb downwards.
The yak bellows!
The death yak bellows!
The yak bellows!
The basilisk hisses angrily.
The basilisk gazes at you.
You are slowing down.
The komodo dragon bites you. The komodo dragon bites you!!
The death yak bellows!
There is a stone staircase leading up, spattered with blood here.
The death yak bellows!
The komodo dragon bites you but does no damage.
You hear a loud, deep croak!
You have turned to stone.
You stop ascending the stairs.
The basilisk bites you! The komodo dragon bites you!!
The basilisk gazes at you. You resist with almost no effort.
The komodo dragon bites you!! The basilisk gazes at you.
You resist with almost no effort. The komodo dragon bites you!
The yak gores something!
The komodo dragon bites you!!
The yak gores something!
The komodo dragon bites you!
* * * LOW HITPOINT WARNING * * *
The death yak gores something!
The yak gores something.
The death yak gores something!!
The komodo dragon bites you!
* * * LOW HITPOINT WARNING * * *
The death yak completely misses you.
The komodo dragon bites you but does no damage.
The yak gores you!
* * * LOW HITPOINT WARNING * * *
The death yak gores you!!
* * * LOW HITPOINT WARNING * * *
The komodo dragon barely misses you.
The yak gores something.
The yak gores you!
You die...

...#...#.###P..#.....
.. .... .# ###.....P#
. #P#.. .# .#....#
###.P .# .....##
..Y....


.lYYY.. ##YYP..# #Y##..#.. #@Y...... #l......> #####.... #P. . You could see 4
death yaks, a komodo dragon, 4 yaks and a basilisk.

Vanquished Creatures
  A hydra (Lair:1)
  A boulder beetle (Lair:4)
  2 two-headed ogres (D:9)
  3 death yaks
  2 skysharks
  Amaemon (Lair:2)
  Nergalle (D:10)
  An orb spider (Lair:2)
  2 orc knights (Bailey)
  A deep elf pyromancer (D:7)
  An ugly thing (D:12)
  A cyclops (D:11)
  6 elephants
  5 cane toads
  An orange demon (Lair:2)
  A kobold demonologist (D:10)
  3 komodo dragons
  4 rime drakes
  4 trolls
  2 polar bears
  2 hornets
  A dream sheep (Lair:1)
  16 blink frogs
  A vampire (D:11)
  47 yaks
  A shadow (D:11)
  2 wraiths
  3 wyverns
  2 steam dragons (D:9)
  4 basilisks
  2 acid dragons (D:11)
  A warg (D:10)
  5 water moccasins
  Duvessa (D:6)
  5 black bears
  8 orc warriors
  An ice beast (D:8)
  2 sky beasts
  An ogre (D:6)
  A centaur (D:12)
  5 kobold brigands
  2 phantoms
  6 bullfrogs
  A gnoll sergeant (D:9)
  A scorpion (D:5)
  12 wights
  Dowan (D:6)
  3 killer bees (D:9)
  4 howler monkeys
  2 human zombies (Ossuary)
  4 orc priests
  3 hounds
  A jelly (D:7)
  Terence (D:2)
  3 iguanas
  4 orc wizards
  4 mummies (Ossuary)
  10 gnolls
  9 adders
  A shadow imp (D:8)
  A white imp (D:6)
  3 worms
  5 dart slugs
  22 orcs
  4 ball pythons
  6 bats
  4 endoplasms
  3 giant cockroaches
  6 goblins
  9 hobgoblins
  8 jackals
  37 kobolds
  2 quokkas
  2 gnoll zombies (Ossuary)
  2 goblin zombies (Ossuary)
  2 kobold zombies (Ossuary)
  7 rats
349 creatures vanquished.

Notes
Turn   | Place    | Note
-------+----------+-------------------------------------------
     0 | D:1      | LustLizard the Deep Elf Air Elementalist began the quest
                  | for the Orb.
     0 | D:1      | Reached XP level 1. HP: 10/10 MP: 6/6
   296 | D:1      | Reached XP level 2. HP: 15/15 MP: 5/8
  1037 | D:2      | Reached XP level 3. HP: 10/20 MP: 3/9
  1040 | D:2      | Learned a level 2 spell: Static Discharge
  1044 | D:2      | Learned a level 3 spell: Swiftness
  1267 | D:2      | Noticed Terence
  1271 | D:2      | Killed Terence
  1272 | D:2      | Reached skill level 1 in Fighting
  1272 | D:2      | Reached XP level 4. HP: 25/25 MP: 5/11
  1385 | D:2      | Found Zoathrel's Magic Scroll Shop.
  1401 | D:2      | Bought a scroll of identify for 28 gold pieces
  1401 | D:2      | Bought a scroll of teleportation for 42 gold pieces
  1632 | D:2      | Found Kanoveru's Book Boutique.
  1986 | D:2      | Found Dotauk's Assorted Antiques.
  2425 | D:3      | Reached skill level 4 in Air Magic
  2533 | D:3      | Identified the +0 leather armour of the Lost Path {Contam
                  | rPois rN+ Will+ Int+2}
  3107 | D:3      | Found a glowing silver altar of Zin.
  3107 | D:3      | Noticed an angel
  3219 | D:3      | You fall into a shaft and drop 3 floors!
  3237 | D:6      | Noticed Duvessa
  3238 | D:6      | Noticed Dowan
  3243 | D:5      | Entered Level 5 of the Dungeon
  3246 | D:5      | Reached XP level 5. HP: 22/29 MP: 7/12
  3404 | D:4      | Found a transporter.
  3425 | D:4      | Found a transporter.
  3429 | D:4      | Noticed Aerthanath's ghost (novice HOFi)
  3531 | D:4      | Found a sand-covered staircase.
  3539 | D:4      | Learned a level 4 spell: Airstrike
  3540 | Ossuary  | Entered an ossuary
  3730 | Ossuary  | Reached XP level 6. HP: 16/35 MP: 0/14
  4627 | D:4      | Reached skill level 5 in Air Magic
  4704 | D:2      | Bought a scroll labelled ECIEBBI FOSI for 28 gold pieces
  4704 | D:2      | Bought a glowing purple potion for 25 gold pieces
  4704 | D:2      | Bought a scroll labelled ONEDWU NIFYM for 28 gold pieces
  4704 | D:2      | Bought a scroll labelled RIVEULICHIU for 28 gold pieces
  4985 | D:5      | Reached XP level 7. HP: 39/40 MP: 9/16
  5149 | D:5      | Found a broken altar of Ashenzari.
  5160 | D:5      | Reached skill level 5 in Spellcasting
  5566 | D:5      | Reached skill level 5 in Stealth
  5739 | D:6      | Found a staircase to the Ecumenical Temple.
  5744 | D:6      | Killed Dowan
  5904 | D:6      | Killed Duvessa
  5912 | Temple   | Entered the Ecumenical Temple
  6108 | Temple   | Became a worshipper of Vehumet
  6186 | D:6      | Reached skill level 6 in Air Magic
  6512 | D:6      | Found a transporter.
  6513 | D:6      | Noticed crux's ghost (novice OpTm)
  6514 | D:6      | Identified the +10 great mace of Neurosis {pain, Will+}
  6556 | D:6      | Found a transporter.
  6974 | D:6      | Reached XP level 8. HP: 45/45 MP: 2/18
  7714 | D:7      | Found a burning altar of Makhleb.
  7720 | D:7      | Reached skill level 7 in Air Magic
  7811 | D:7      | Learned a level 5 spell: Arcjolt
  8302 | D:7      | Noticed a deep elf pyromancer
  8306 | D:7      | Killed a deep elf pyromancer
  8307 | D:7      | Reached skill level 5 in Conjurations
  8307 | D:7      | Reached XP level 9. HP: 52/52 MP: 3/21
  8799 | D:7      | Reached skill level 8 in Air Magic
  8920 | D:7      | Found a bloodstained altar of Trog.
  9033 | D:8      | Reached skill level 1 in Armour
  9038 | D:8      | Found a flagged portal.
  9061 | D:8      | Reached * piety under Vehumet
  9061 | D:8      | Offered knowledge of Kiss of Death by Vehumet.
  9100 | Bailey   | Entered a bailey
  9186 | Bailey   | Noticed an orc knight
  9239 | Bailey   | Noticed an orc knight
  9633 | Bailey   | Killed an orc knight
  9898 | Bailey   | Killed an orc knight
  9899 | Bailey   | Reached skill level 9 in Air Magic
  9899 | Bailey   | Reached XP level 10. HP: 31/58 MP: 5/24
 10675 | D:8      | Found a staircase to the Lair.
 10834 | D:8      | Reached skill level 5 in Dodging
 11430 | D:8      | Found a shadowy altar of Dithmenos.
 11434 | D:8      | Found a stormy altar of Qazlal.
 11525 | D:8      | Reached skill level 5 in Fighting
 12511 | D:9      | Noticed a two-headed ogre
 12513 | D:9      | Noticed a two-headed ogre
 12644 | D:9      | Reached skill level 10 in Air Magic
 12871 | D:9      | Reached ** piety under Vehumet
 12878 | D:9      | Killed a two-headed ogre
 13148 | D:8      | Offered knowledge of Scorch by Vehumet.
 13176 | D:8      | Learned a level 2 spell: Scorch
 13431 | D:9      | Reached XP level 11. HP: 64/64 MP: 7/26
 13644 | D:9      | Killed a two-headed ogre
 13645 | D:9      | Reached skill level 1 in Fire Magic
 13990 | D:10     | Entered Level 10 of the Dungeon
 14019 | D:10     | Found a staircase to the Orcish Mines.
 14045 | D:10     | Found Woq Piff's Specific Store.
 14047 | D:10     | Found Baseiluh's General Store.
 14476 | D:10     | Noticed a fire dragon
 15019 | D:10     | Noticed Nergalle
 15030 | D:10     | Killed Nergalle
 15265 | D:10     | Found a large runed translucent door.
 15265 | D:10     | Found a large runed translucent door.
 15703 | D:11     | Noticed a +0 spear
 16481 | D:11     | Noticed a +0 dagger
 16481 | D:11     | Noticed a +0 short sword
 16483 | D:11     | Noticed a +0 falchion
 16483 | D:11     | Noticed a +0 short sword
 16484 | D:11     | Noticed a +0 falchion
 16484 | D:11     | Noticed a +0 dagger
 16485 | D:11     | Noticed a +0 spear
 16577 | D:11     | Found a hide-covered altar of Uskayaw.
 16644 | D:12     | Noticed a purple ugly thing
 16651 | D:12     | Killed a purple ugly thing
 16652 | D:12     | Reached skill level 10 in Spellcasting
 16652 | D:12     | Reached skill level 11 in Air Magic
 17311 | D:12     | Noticed Erolcha
 17736 | Orc:1    | Entered Level 1 of the Orcish Mines
 17824 | Lair:1   | Entered Level 1 of the Lair of Beasts
 17832 | Lair:1   | Offered knowledge of Poisonous Vapours by Vehumet.
 17952 | D:8      | Learned a level 2 spell: Poisonous Vapours
 18067 | D:8      | Reached skill level 5 in Fire Magic
 18345 | Lair:1   | Reached XP level 12. HP: 52/70 MP: 1/28
 18971 | Lair:1   | Reached *** piety under Vehumet
 19082 | Lair:1   | Noticed a six-headed hydra
 19082 | Lair:1   | Noticed a death yak
 19706 | Lair:1   | Reached skill level 5 in Armour
 20009 | Lair:1   | Killed a death yak
 20145 | Lair:1   | Killed a six-headed hydra
 20283 | Lair:2   | Reached skill level 12 in Air Magic
 20350 | Lair:2   | Noticed Amaemon
 20499 | Lair:2   | Killed Amaemon
 21526 | Lair:1   | Offered knowledge of Volatile Blastmotes by Vehumet.
 21962 | Lair:2   | Found a hole to the Spider Nest.
 22439 | D:2      | Bought a book of Lightning for 374 gold pieces
 22446 | D:2      | Learned a level 6 spell: Plasma Beam
 22661 | Lair:3   | Reached XP level 13. HP: 76/76 MP: 23/30
 23498 | Lair:3   | Reached skill level 1 in Evocations
 24652 | Lair:3   | Reached **** piety under Vehumet
 24663 | Lair:3   | Offered knowledge of Mephitic Cloud by Vehumet.
 24823 | Lair:3   | Found a staircase to the Shoals.
 24838 | Lair:3   | Learned a level 3 spell: Mephitic Cloud
 25093 | Lair:4   | Reached skill level 13 in Air Magic
 25462 | Lair:4   | HP: 2/76 [death yak (10)]
 25463 | Lair:4   | Slain by a yak

Illustrated notes

Levels and vault maps discovered:
D:1:      lightli_arrival_windingriver, layout_basic
D:2:      layout_loops_ring, serial_shops, shop,
          nicolae_shop_tiny_statue_garden,
          nicolae_shop_temple_entry_statues_fountains, uniq_terence
D:3:      layout_loops_ring, zin_angel, kennysheep_path_1,
          minmay_tree_intersection, minmay_close_crescents
D:4:      layout_cave_pools, enter_ossuary_5, gammafunk_ghost_stat_death,
          dreamdust_mushroom_princess
D:5:      layout_loops_ring, ashenzari_altar_1, minivault_4
D:6:      layout_loops_ring, minmay_temple_entry_sparse_star,
          gammafunk_ghost_smash, minmay_crystal_water, uniq_duvessa
D:7:      layout_basic, amcnicky_altar_gilded, mainiacjoe_overflow_tiny_flanked
D:8:      layout_layer_cave, nicolae_overflow_hidden_temple,
          grunt_qazlal_clouds, david_lair_generic, enter_bailey_2,
          kennysheep_another_room
D:9:      layout_loops_ring, kennysheep_generic_room_15
D:10:     dragon1_lemuel, layout_gridville, orc_0_dummy, nicolae_specific_store,
          lightli_elemental_guards, uniq_nergalle
D:11:     layout_rooms, chequers_serial_rivers_small_a,
          nicolae_uskayaw_en_pointe
D:12:     layout_loops_ring, uniq_erolcha
Temple:   minmay_temple_bridge_d
Lair:1:   layout_hall_layers, minmay_shattered_shrine, grunt_megastairs_1,
          infiniplex_staircase_pool
Lair:2:   layout_hall_layers, nicolae_spider_entry_orb_guardian, uniq_amaemon
Lair:3:   layout_cave_pods, elwin_shoals_entry_rooms
Lair:4:   layout_loops_ring
Orc:1:    cheibrodos_orc_bank, layout_diamond_mine, serial_shops, shop,
          hellmonk_ghost_happy_afterlife

Skill      XL: |  1  2  3  4  5  6  7  8  9 10 11 12 13 |
---------------+----------------------------------------+-----
Stealth        | 3 4 5 6 |  6.0
Fighting       | 1 2 3 4 5 6 7 |  7.4
Conjurations   | 2 3 4 5 6 7 |  7.0
Air Magic      | 4 5 6 7 9 10 11 12 13 | 13.1
Spellcasting   | 4 5 7 8 9 10 11 12 | 12.0
Dodging        | 4 6 7 8 9 |  9.2
Armour         | 2 3 4 5 |  5.0
Fire Magic     | 5 8 9 |  9.1
Evocations     | 2 |  2.2

Action                     |  1- 3 |  4- 6 |  7- 9 | 10-12 | 13-15 || total
---------------------------+-------+-------+-------+-------+-------++-------
  Melee: Unarmed           |     4 |       |       |       |       ||     4
         Dagger            |       |     1 |       |       |       ||     1
         Quarterstaff      |       |       |     2 |    63 |    26 ||    91
   Cast: Shock             |    62 |   173 |   139 |   178 |       ||   552
         Static Discharge  |     2 |    22 |     7 |    27 |       ||    58
         Airstrike         |       |     1 |    70 |   261 |    82 ||   414
         Swiftness         |       |       |     1 |     1 |       ||     2
         Arcjolt           |       |       |       |    14 |       ||    14
         Plasma Beam       |       |       |       |       |     6 ||     6
         Poisonous Vapours |       |       |       |       |     2 ||     2
  Evoke: Wand              |       |       |     3 |     2 |       ||     5
    Use: Scroll            |       |     6 |     6 |    14 |       ||    26
         Potion            |       |       |     1 |     7 |       ||     8
   Stab: Distracted        |       |       |       |     1 |     1 ||     2
 Armour: Robe              |     1 |     3 |     4 |       |       ||     8
         Leather armour    |       |       |     4 |    25 |     5 ||    34
  Dodge: Dodged            |     9 |    15 |    10 |   193 |    22 ||   249
  Block: Other             |       |     6 |     5 |       |       ||    11
